 Dungeon Crawl Stone Soup version 0.24.0-123-gd5b16e6ec5 (webtiles) character file.

Game seed: 549861255948815077, levelgen mode: deterministic

203 Elellon the Cudgeler (level 5, -5/46 HPs)
             Began as a Minotaur Berserker on Jan 5, 2020.
             Was a Priest of Trog.
             Killed from afar by an orc wizard (7 damage)
             ... with a magic dart
             ... on level 4 of the Dungeon.
             The game lasted 00:06:50 (2900 turns).

Elellon the Cudgeler (Minotaur Berserker)           Turns: 2900, Time: 00:06:52

Health: -5/46      AC:  5    Str: 21 (22) XL:     5   Next: 51%
Magic:  13/13      EV: 11    Int:  4      God:    Trog [***...]
Gold:   247        SH:  0    Dex: 10      Spells: 4/4 levels left

rFire    . . .     SeeInvis .   a - +0 mace
rCold    . . .     Gourm    .   (no shield)
rNeg     . . .     Faith    .   n - +0 ring mail
rPois    .         Spirit   .   (helmet restricted)
rElec    .         Reflect  .   (no cloak)
rCorr    .         Harm     .   (no gloves)
MR       .....                  (no boots)
Stlth    ..........             (no amulet)
HPRegen  0.15/turn              i - ring of magical power
MPRegen  0.13/turn              (no ring)

@: no status effects
A: retaliatory headbutt, horns 2
a: Berserk, Trog's Hand, Renounce Religion


You were on level 4 of the Dungeon.
You worshipped Trog.
Trog was most pleased with you.
You were hungry.

You visited 1 branch of the dungeon, and saw 4 of its levels.

You collected 247 gold pieces.

Inventory:

Hand Weapons
 a - a +0 mace (weapon)
Armour
 l - a +0 chain mail
 n - a +0 ring mail (worn)
Jewellery
 i - a ring of magical power (left hand)
Wands
 q - a wand of polymorph (8)
Scrolls
 b - a scroll of amnesia
 e - a scroll of fear {unknown}
 f - 3 scrolls of identify
 g - a scroll of magic mapping {unknown}
 h - a scroll of enchant armour {unknown}
 j - a scroll of teleportation {unknown}
 o - 2 scrolls of remove curse
 r - 2 scrolls of fog {unknown}
Potions
 d - a potion of brilliance {unknown}
 k - a potion of curing
 m - a potion of heal wounds {unknown}
 s - a potion of ambrosia {unknown}
 u - 2 potions of mutation {unknown}
Comestibles
 c - 10 rations
 p - 2 chunks of flesh


   Skills:
 + Level 3.9 Fighting
 + Level 7.4 Maces & Flails
 - Level 2.4 Armour
 - Level 2.1 Dodging


You had 4 spell levels left.
You didn't know any spells.
Your spell library was empty.

Dungeon Overview and Level Annotations

Branches:
Dungeon (4/15)
 Temple: D:4-7

Altars:
Fedhas


Innate Abilities, Weirdness & Mutations

You reflexively headbutt those who attack you in melee.
You have a pair of horns on your head.


Message History

Something hits you but does no damage.
You hit something. Something hits you.
The orc hits you from afar with a +0 trident.
You closely miss something. Your headbutt misses something.
Something hits you but does no damage. x2
The orc hits you from afar with a +0 trident!
* * * LOW HITPOINT WARNING * * *
You hit something.
You hear some strange, mumbled words.
A puff of frost appears from out of thin air!
The puff of frost hits you!
* * * LOW HITPOINT WARNING * * *
The orc barely misses you.
You hit something but do no damage.
Your skin stops crawling.
You feel less resistant to hostile enchantments.
You hear some strange, mumbled words.
A magic dart appears from out of thin air!
The magic dart hits you!
You die...

#. #.{ ## #.. #..
##### ####.
##..####..
##...###....
#........
##...........
........#
##...#########
........# ##...##
####....######...##
###...o##....##
##..o{@..###
#########


You could see 2 orcs.

Vanquished Creatures
  An iguana (D:4)
  A worker ant (D:4)
  An orc wizard (D:4)
  3 adders
  2 worms
  5 dart slugs
  A leopard gecko (D:1)
  4 orcs
  2 ball pythons
  A giant cockroach (D:4)
  4 hobgoblins
  12 jackals
  2 quokkas
  3 bats
  4 frilled lizards
  18 goblins
  9 kobolds
  8 rats
81 creatures vanquished.

Notes
Turn   | Place    | Note
-------+----------+-------------------------------------------
     0 | D:1      | Elellon the Minotaur Berserker began the quest for the Orb.
     0 | D:1      | Reached XP level 1. HP: 19/19 MP: 0/0
   136 | D:1      | Reached skill level 4 in Maces & Flails
   530 | D:1      | Reached XP level 2. HP: 26/26 MP: 1/1
   763 | D:1      | Reached skill level 5 in Maces & Flails
   765 | D:1      | Reached ** piety under Trog
   786 | D:1      | Reached XP level 3. HP: 30/31 MP: 2/2
  1304 | D:2      | Reached XP level 4. HP: 4/39 MP: 3/3
  1582 | D:2      | Reached skill level 6 in Maces & Flails
  1676 | D:2      | Found a blossoming altar of Fedhas.
  2280 | D:3      | Reached *** piety under Trog
  2714 | D:4      | Reached XP level 5. HP: 41/46 MP: 4/4
  2875 | D:4      | Reached skill level 7 in Maces & Flails
  2899 | D:4      | HP: 2/46 [something/puff of frost (12)]
  2900 | D:4      | Killed from afar by an orc wizard

Levels and vault maps discovered:
D:1:      lemuel_arrival_cross, layout_basic, minmay_quantized
D:2:      layout_basic, grunt_ministairs_13, minmay_door_square,
          chequers_avenue, fedhas_altar_2
D:3:      minmay_door_path, layout_rooms, hangedman_feature_mirror,
          kennysheep_generic_room_14
D:4:      layout_layer_cave, first_ration, uniq_sigmund

Skill      XL: |  1  2  3  4  5 |
---------------+----------------+-----
Maces & Flails | 4 5 6 7 |  7.4
Fighting       | |  3.9
Armour         | |  2.4
Dodging        | |  2.1

Action                   |  1- 3 |  4- 6 || total
-------------------------+-------+-------++-------
Melee: Mace              |    91 |    95 ||   186
       Headbutt          |    11 |     9 ||    20
Invok: Trog's Hand       |       |     1 ||     1
  Use: Scroll            |       |     4 ||     4
       Potion            |       |     2 ||     2
  Eat: Chunk             |     1 |     5 ||     6
Armor: Animal skin       |     8 |       ||     8
       Ring mail         |    15 |    27 ||    42
Dodge: Dodged            |    93 |    39 ||   132
